 Dungeon Crawl Stone Soup version 0.23.2-1-ga50397a6bc (webtiles) character file.

Game seed: 14261736104108033723

5184 KamiKatze the Cleaver (level 10, -1/66 HPs)
             Began as a Gargoyle Berserker on May 29, 2019.
             Was an Elder of Trog.
             Slain by a death yak (20 damage)
             ... on level 8 of the Dungeon.
             The game lasted 00:28:31 (5968 turns).

KamiKatze the Cleaver (Gargoyle Berserker)          Turns: 5968, Time: 00:28:32

Health: -1/66      AC: 21    Str: 22    XL:     10   Next: 60%
Magic:  11/11      EV:  9    Int:  8    God:    Trog [****..]
Gold:   379        SH:  0    Dex:  9    Spells: 9/9 levels left

rFire    . . .     SeeInvis .   a - +2 hand axe (drain)
rCold    + . .     Gourm    .   (no shield)
rNeg     + . .     Faith    .   A - +0 chain mail
rPois    ∞         Spirit   .   (no helmet)
rElec    +         Reflect  .   (no cloak)
rCorr    .         Harm     .   C - +0 pair of gloves
MR       +++++                  k - +2 pair of boots of Sif Muna's Hatred {rPois MR+++ Dex-2 Stlth+}
Stlth    ..........             (no amulet)
HPRegen  1.21/turn              o - ring of flight
MPRegen  0.12/turn              D - ring of protection from cold

@: berserk cooldown, regenerating, slowed, very slow
A: negative energy resistance 1, electricity resistance, unbreathing,
petrification resistance, rot immunity, AC +7
a: Berserk, Trog's Hand, Brothers in Arms, Renounce Religion, Evoke Flight


You were on level 8 of the Dungeon.
You worshipped Trog.
Trog was greatly pleased with you.
You were very hungry.

You visited 2 branches of the dungeon, and saw 9 of its levels.

You collected 379 gold pieces.

Inventory:

Hand Weapons
 a - a +2 hand axe of draining (weapon)
 b - a +0 hunting sling
 w - a +1 falchion of flaming
 z - a +0 war axe
 H - a +0 morningstar of protection
Missiles
 h - 233 stones (quivered)
 n - 42 poisoned needles
 v - 13 tomahawks
 x - 5 tomahawks of returning
Armour
 k - the +2 pair of boots of Sif Muna's Hatred (worn) {rPois MR+++ Dex-2 Stlth+}
   (You found it on level 6 of the Dungeon)

   It affects your dexterity (-2).
   It protects you from poison.
   It affects your resistance to hostile enchantments.
   It makes you more stealthy.
 y - a +0 scale mail
 A - a +0 chain mail (worn)
 C - a +0 pair of gloves (worn)
Jewellery
 o - a ring of flight (left hand)
 D - a ring of protection from cold (right hand)
Wands
 p - a wand of random effects (18)
 s - a wand of paralysis (6)
 I - a wand of enslavement (9)
 J - a wand of clouds (5)
Scrolls
 d - 5 scrolls of remove curse
 e - a scroll of enchant weapon {unknown}
 f - 10 scrolls of teleportation
 l - a scroll of fear
 m - a scroll of random uselessness {unknown}
 B - a scroll of blinking {unknown}
 F - a scroll of magic mapping {unknown}
Potions
 g - a potion of resistance
 i - a potion of might {unknown}
 j - 2 potions of heal wounds
 r - a potion of haste
 t - 2 potions of degeneration {unknown}
 u - 4 potions of curing
 E - a potion of flight {unknown}
 G - a potion of cancellation {unknown}
Comestibles
 c - 16 rations


   Skills:
 + Level 9.4 Fighting
 * Level 10.7 Axes
 + Level 4.9 Armour
 + Level 3.7 Dodging
 - Level 2.2 Evocations


You had 9 spell levels left.
You didn't know any spells.
Your spell library was empty.

Dungeon Overview and Level Annotations

Branches:
Dungeon (8/15)             Temple (1/1) D:4
   Lair: D:8-11

Altars:
Ashenzari
Cheibriados
Dithmenos
Elyvilon
Fedhas
Gozag
Hepliaklqana
Kikubaaqudgha
Makhleb
Nemelex Xobeh
Okawaru
Qazlal
Ru
Sif Muna
Trog
Uskayaw
Vehumet
Wu Jian
Xom
Yredelemnul
The Shining One

Shops:
D:7 *


Innate Abilities, Weirdness & Mutations

You are resistant to torment.
Your stone body is resilient. (AC +7)
You are immune to poison.
You resist negative energy. (rN+)
You are resistant to electric shocks. (rElec)
You can survive without breathing.
You are immune to petrification.
You are immune to rotting.


Message History

The death yak gores you but does no damage.
The death yak gores you but does no damage.
The death yak seems less drained.
The death yak closely misses you.
There is a stone staircase leading down here.
The death yak gores you but does no damage. x2
The death yak seems less drained.
The death yak gores you but does no damage.
Your skin crawls.
You feel resistant to hostile enchantments.
You feel somewhat more hungry.
The death yak gores you but does no damage. x2
The death yak closely misses you. The death yak closely misses you.
The death yak gores you but does no damage.
The death yak gores you but does no damage.
The death yak gores you!!
* * * LOW HITPOINT WARNING * * *
The death yak barely misses you. The death yak gores you!!
You die...

..........#.......#
..............#'#.#
..............#.#.#
..............#.#.#
...........#....#.#
...........#....#.#
...........#....#+####
....# #....#.........#
....# #........Y@....#
....#.#....####Y.Y...####
......#.........Y........
#######....>...........##
.........#.######.####..#
###..........#.......>..#
#.#......#.......###..#
#........#.........#..
#........#............
####


You could see 4 death yaks.

Vanquished Creatures
  2 death yaks
  Pikel (D:4)
  Sigmund (D:3)
  A human (D:7)
  4 hogs (D:7)
  2 hungry ghosts
  Duvessa (D:5)
  2 slaves (D:4)
  2 ice beasts
  An orc warrior (D:7)
  2 sky beasts
  2 ogres (D:7)
  4 centaurs
  3 bullfrogs
  Dowan (D:5)
  2 scorpions (D:4)
  4 killer bees (D:7)
  A bullfrog zombie (D:5)
  4 crimson imps
  2 hounds
  2 jellies
  5 orc wizards
  An orc priest (D:4)
  An iguana (D:6)
  A centaur skeleton (D:4)
  Jessica (D:3)
  3 worker ants
  2 hound skeletons
  A howler monkey zombie (D:5)
  3 gnolls (D:5)
  A howler monkey skeleton (D:7)
  8 adders
  2 oozes
  An adder skeleton (D:4)
  2 worms
  3 dart slugs (D:1)
  A leopard gecko (D:4)
  30 orcs
  6 bats
  2 giant cockroaches
  5 goblins
  5 hobgoblins
  3 jackals (D:3)
  5 quokkas
  A ball python (D:1)
  4 frilled lizards
  A giant cockroach zombie (D:5)
  A jackal zombie (D:6)
  6 kobolds
  2 quokka skeletons
  A quokka zombie (D:6)
  9 rats
161 creatures vanquished.

Vanquished Creatures (others)
  A slave (D:4)
1 creature vanquished.

Grand Total: 162 creatures vanquished

Notes
Turn   | Place    | Note
-------+----------+-------------------------------------------
     0 | D:1      | KamiKatze the Gargoyle Berserker began the quest for the
                  | Orb.
     0 | D:1      | Reached XP level 1. HP: 14/14 MP: 1/1
   144 | D:1      | Reached skill level 3 in Axes
   162 | D:1      | Reached XP level 2. HP: 17/19 MP: 2/2
   593 | D:1      | Reached XP level 3. HP: 24/24 MP: 3/3
  1854 | D:3      | Reached ** piety under Trog
  1857 | D:3      | Reached XP level 4. HP: 20/29 MP: 4/4
  2059 | D:3      | Reached skill level 4 in Axes
  2253 | D:3      | Noticed Jessica
  2262 | D:3      | Killed Jessica
  2291 | D:3      | Noticed Sigmund
  2307 | D:3      | Killed Sigmund
  2307 | D:3      | Reached skill level 5 in Fighting
  2307 | D:3      | Reached skill level 5 in Axes
  2307 | D:3      | Reached XP level 5. HP: 18/35 MP: 5/5
  2307 | D:3      | Reached XP level 6. HP: 21/40 MP: 6/6
  2551 | D:3      | You fall through a shaft for 3 floors!
  2552 | D:6      | Noticed a sky beast
  2562 | D:5      | Entered Level 5 of the Dungeon
  2562 | D:5      | Noticed a sky beast
  2598 | D:5      | Killed a sky beast
  2736 | D:5      | Noticed Dowan
  2737 | D:5      | Noticed Duvessa
  2765 | D:6      | Reached skill level 6 in Axes
  2765 | D:6      | Reached XP level 7. HP: 10/44 MP: 7/7
  2765 | D:6      | HP: 2/66 [quokka (4)]
  3450 | D:4      | Found a staircase to the Ecumenical Temple.
  3452 | D:4      | Noticed Pikel
  3463 | D:4      | Killed Pikel
  3463 | D:4      | Reached skill level 7 in Axes
  3463 | D:4      | Reached XP level 8. HP: 53/53 MP: 8/8
  3467 | D:4      | Reached skill level 8 in Axes
  3489 | Temple   | Entered the Ecumenical Temple
  3961 | D:5      | Killed Duvessa
  3972 | D:5      | Killed Dowan
  3972 | D:5      | Reached XP level 9. HP: 46/58 MP: 9/9
  4035 | D:5      | Reached skill level 9 in Axes
  4150 | D:5      | Reached *** piety under Trog
  4207 | D:6      | Got a pair of pitted boots
  4213 | D:6      | Identified the +2 pair of boots of Sif Muna's Hatred {rPois
                  | MR+++ Dex-2 Stlth+} (You found it on level 6 of the
                  | Dungeon)
  4682 | D:7      | Found Nenoeg's General Store.
  4887 | D:7      | Reached skill level 10 in Axes
  4953 | D:7      | Reached **** piety under Trog
  4976 | D:7      | Reached XP level 10. HP: 40/65 MP: 10/10
  5582 | D:8      | Noticed a death yak
  5585 | D:8      | Noticed a death yak
  5585 | D:8      | Noticed a death yak
  5640 | D:7      | Killed a death yak
  5640 | D:7      | Reached skill level 1 in Evocations
  5901 | D:8      | Noticed a death yak
  5910 | D:8      | Noticed a death yak
  5911 | D:8      | Noticed a death yak
  5922 | D:8      | Noticed a death yak
  5926 | D:8      | Killed a death yak
  5968 | D:8      | Slain by a death yak

Skill      XL: |  1  2  3  4  5  6  7  8  9 10 |
---------------+-------------------------------+-----
Axes           | 3 5 6 7 8 10 | 10.7
Fighting       | 4 5 7 8 9 |  9.4
Dodging        | 2 3 |  3.7
Armour         | 3 4 |  4.9
Evocations     | 2 |  2.2

Action                   |  1- 3 |  4- 6 |  7- 9 | 10-12 || total
-------------------------+-------+-------+-------+-------++-------
Melee: Hand axe          |   136 |    58 |   323 |   135 ||   652
Throw: Stone             |    16 |       |       |       ||    16
Invok: Berserk           |     1 |     2 |     2 |     2 ||     7
       Trog's Hand       |       |     4 |     1 |     1 ||     6
  Use: Scroll            |       |       |     6 |     2 ||     8
  Eat: Chunk             |     3 |     5 |    12 |     6 ||    26
       Ration            |       |       |       |     1 ||     1
Armor: Ring mail         |    47 |    41 |    97 |       ||   185
       Chain mail        |       |       |    48 |    57 ||   105
Dodge: Dodged            |    84 |    55 |   138 |    39 ||   316
